 Dungeon Crawl Stone Soup version 0.21.0-3-g78d12a8bdd (webtiles) character file.

17313 McKennaii the Nimble (level 12, 0/138 HPs)
             Began as a Gnoll Arcane Marksman on Jan 13, 2018.
             Was a Priest of Sif Muna.
             Slain by a skeletal warrior
             ... wielding a +0 long sword
              (5 damage)
             ... on level 10 of the Dungeon.
             The game lasted 00:52:51 (19774 turns).

McKennaii the Nimble (Gnoll Arcane Marksman)       Turns: 19774, Time: 00:52:51

Health: 0/138      AC: 26    Str: 14    XL:     12   Next: 46%
Magic:  0/32       EV:  2    Int: 24    God:    Sif Muna [***...]
Gold:   235        SH:  0    Dex: 17    Spells: 17/26 levels left

rFire    + . .     SeeInvis .   O - +0 flail "Wuwket" {crush, +Blink Int+6} (curse)
rCold    . . .     Gourm    .   (no shield)
rNeg     + + +     Faith    .   (armour currently unavailable)
rPois    +         Spirit   +   (helmet currently unavailable)
rElec    .         Reflect  .   (cloak currently unavailable)
rCorr    .         Harm     .   (gloves currently unavailable)
MR       .....     NoTele   +   (boots currently unavailable)
Stlth    ++++......             u - amulet of guardian spirit
HPRegen  0.33/turn              o - ring of protection from fire
MPRegen  0.23/turn              l - ring of magical power

@: tree-form
A: distributed training, wild magic 1, strong nose
a: Divine Energy, Channel Magic, Renounce Religion, Evoke Blink


You were on level 10 of the Dungeon.
You worshipped Sif Muna.
Sif Muna was most pleased with you.
You were not hungry.
You were a tree.
You visited 1 branch of the dungeon, and saw 11 of its levels.
You also visited: Labyrinth.

You collected 441 gold pieces.
You spent 206 gold pieces at shops.

Inventory:

Hand Weapons
 a - a +0 shortbow
 g - a +1 hunting sling of flaming
 t - a +1 scimitar of flaming
 O - the cursed +0 flail "Wuwket" (weapon) {crush, +Blink Int+6}
   (You found it in a labyrinth)

   It inflicts extra damage upon your enemies.
   It affects your intelligence (+6).
   It lets you blink.
   It has a curse placed upon it.
Missiles
 h - 46 sling bullets
 A - 162 arrows
Armour
 B - a +0 chain mail of positive energy (melded)
 C - a +1 cloak of invisibility (melded)
 K - a +2 hat of magic resistance (melded)
 P - a +1 pair of boots of flying (melded)
 Q - a +1 pair of gloves of dexterity (melded)
Magical Staves
 m - an uncursed staff of summoning
Jewellery
 k - an uncursed ring of resist corrosion
 l - a ring of magical power (right branch)
 o - a ring of protection from fire (left branch)
 s - an uncursed ring of protection from cold
 u - an amulet of guardian spirit (around neck)
 D - the ring "Xietir" {*Tele rElec rN+ MP-9 Stlth+}
   (You found it in a labyrinth)

   [ring of teleportation]

   It may teleport you next to monsters.
   It insulates you from electricity.
   It protects you from negative energy.
   It affects your magic capacity (-9).
   It makes you more stealthy.
Wands
 p - a wand of iceblast (21)
 H - a wand of digging (23)
 I - a wand of acid (6)
Scrolls
 b - a scroll of acquirement {unknown}
 j - 3 scrolls of identify
 r - 2 scrolls of remove curse
 v - 3 scrolls of enchant armour
 x - 10 scrolls of teleportation
 y - 2 scrolls of magic mapping
 E - a scroll of brand weapon
 F - 2 scrolls of fear
Potions
 d - a potion of haste
 n - a potion of resistance
 G - 2 potions of brilliance
 J - 2 potions of flight
Books
 c - a book of Debilitation

   Spells                             Type                      Level
   a - Corona                         Hexes                        1
   b - Slow                           Hexes                        2
   c - Inner Flame                    Hexes/Fire                   3
   d - Portal Projectile              Hexes/Translocation          3
   e - Cause Fear                     Hexes                        4
   f - Leda's Liquefaction            Hexes/Earth                  4
 e - a book of Annihilations

   Spells                             Type                      Level
   a - Poison Arrow                   Conjuration/Poison           6
   b - Chain Lightning                Conjuration/Air              8
   c - Lehudib's Crystal Spear        Conjuration/Earth            8
   d - Glaciate                       Conjuration/Ice              9
   e - Fire Storm                     Conjuration/Fire             9
 i - a book of Misfortune

   Spells                             Type                      Level
   a - Confusing Touch                Hexes                        1
   b - Confuse                        Hexes                        3
   c - Gell's Gravitas                Translocation                3
   d - Petrify                        Transmutation/Earth          4
   e - Metabolic Englaciation         Hexes/Ice                    5
   f - Yara's Violent Unravelling     Hexes/Transmutation          5
 M - a book of Callings

   Spells                             Type                      Level
   a - Summon Small Mammal            Summoning                    1
   b - Call Imp                       Summoning                    2
   c - Call Canine Familiar           Summoning                    3
   d - Summon Guardian Golem          Hexes/Summoning              3
   e - Summon Lightning Spire         Summoning/Air                4
   f - Summon Ice Beast               Ice/Summoning                4
 N - a book of Enchantments

   Spells                             Type                      Level
   a - Cause Fear                     Hexes                        4
   b - Yara's Violent Unravelling     Hexes/Transmutation          5
   c - Silence                        Hexes/Air                    5
   d - Deflect Missiles               Charms/Air                   6
   e - Discord                        Hexes                        8
Comestibles
 f - 13 rations


   Skills:
 + Level 7.7 Fighting
 + Level 7.2 Short Blades
 + Level 7.2 Long Blades
 + Level 7.2 Axes
 + Level 7.2 Maces & Flails
 + Level 7.2 Polearms
 + Level 7.2 Staves
 + Level 7.2 Slings
 + Level 8.6 Bows
 + Level 7.2 Crossbows
 + Level 7.2 Throwing
 + Level 7.2 Armour
 + Level 8.6 Dodging
 + Level 7.2 Stealth
 + Level 7.2 Shields
 + Level 7.2 Unarmed Combat
 + Level 7.8 Spellcasting
 + Level 6.0 Conjurations
 + Level 8.2 Hexes
 + Level 6.0 Charms
 + Level 6.0 Summonings
 + Level 6.0 Necromancy
 + Level 6.0 Translocations
 + Level 6.0 Transmutations
 + Level 6.0 Fire Magic
 + Level 6.0 Ice Magic
 + Level 6.0 Air Magic
 + Level 6.0 Earth Magic
 + Level 6.0 Poison Magic
 + Level 7.9 Invocations
 + Level 7.2 Evocations


You had 17 spell levels left.
You knew the following spells:

 Your Spells              Type           Power        Failure   Level  Hunger
a - Corona                Hex            ######.      1%          1    None
b - Slow                  Hex            ######..     1%          2    None
c - Portal Projectile     Hex/Tloc       ######       2%          3    None
d - Inner Flame           Hex/Fire       ######..     2%          3    None


Dungeon Overview and Level Annotations

Branches:
Dungeon (11/15)            Temple (0/1) D:7            Lair (0/6) D:11
    Orc (0/2) D:10

Altars:
Gozag
Hepliaklqana
Kikubaaqudgha
Nemelex Xobeh
Okawaru
Qazlal
Sif Muna
Trog
Uskayaw
Wu Jian
Xom
Yredelemnul

Shops:
D:5 *   D:6 [   D:8 ?   D:10 *


Innate Abilities, Weirdness & Mutations

Your experience applies equally to all skills.
((You have very sharp teeth.))
Your uncanny sense of smell can sniff out nearby items.
((You have large cloven feet.))
((You have a pair of small horns on your head.))
((You can translocate small distances at will.))
Your spells are a little harder to cast, but a little more powerful.


Message History

The skeletal warrior hits you with a long sword!
* * * LOW HITPOINT WARNING * * *
You hit the skeletal warrior.
You punch the skeletal warrior, but do no damage.
The skeletal warrior is severely damaged.
The skeletal warrior hits you with a long sword.
You closely miss the skeletal warrior.
The skeletal warrior is severely damaged.
The skeletal warrior hits you but does no damage.
You sock the skeletal warrior!
The skeletal warrior is almost destroyed.
The skeletal warrior hits you but does no damage.
You hit the skeletal warrior. You punch the skeletal warrior.
The skeletal warrior is almost destroyed.
The skeletal warrior hits you with a long sword!
* * * LOW HITPOINT WARNING * * *
You closely miss the skeletal warrior.
The skeletal warrior is almost destroyed.
The skeletal warrior hits you with a long sword.
You die...

...........# ##..........## #
...........# #............# #
...........## ##............## #
............# #..............# #
............## #..............###
.............###...............##
...............................#.
.........######z...............#.
.........# #.♣................
##.......## ##.................
...###....# #................#
..####....### ##...............#
..##........# #..............#.
............# ##............###
............# ###.........## #
............## ###......## ##
.............# ######## ##.


You could see a skeletal warrior.

Vanquished Creatures
  Gastronok (D:10)
  A minotaur (Lab)
  Erica (D:9)
  A hydra (D:11)
  A two-headed ogre (D:8)
  Pikel (D:7)
  A manticore (D:11)
  An elephant (D:10)
  An ice statue (D:7)
  The ghost of Manul the Sneak, a novice DsAs (D:5)
  4 trolls
  A minotaur zombie (Lab)
  A hippogriff (D:11)
  2 redbacks (Lab)
  A shadow (D:10)
  The ghost of dricus the Ruffian, an amateur TrMo (D:3)
  14 yaks
  Eustachio (D:5)
  A human (D:10)
  4 hogs (D:10)
  A steam dragon (D:9)
  A basilisk (D:11)
  2 water moccasins (D:9)
  Duvessa (D:4)
  5 sky beasts
  An orc warrior (D:8)
  6 ice beasts
  A black bear (D:8)
  2 phantoms
  5 ogres
  8 centaurs
  2 crocodiles (D:11)
  3 big kobolds
  Blork the orc (D:5)
  10 bullfrogs
  A water moccasin zombie (D:6)
  A wyvern skeleton (D:7)
  2 scorpions
  Dowan (D:4)
  4 killer bees
  9 wights
  6 howler monkeys
  2 bullfrog zombies
  2 centaur zombies
  A crimson imp (D:8)
  2 quasits
  2 jellies
  2 orc priests (D:9)
  An orc wizard (D:9)
  Crazy Yiuf (D:4)
  4 hounds
  2 centaur skeletons (D:5)
  2 bullfrog skeletons
  6 iguanas
  6 worker ants
  Robin (D:2)
  19 adders
  6 gnolls
  2 howler monkey skeletons
  2 adder zombies
  An adder skeleton (D:10)
  3 worms
  4 dart slugs
  2 leopard geckos
  24 orcs
  8 giant cockroaches
  10 goblins
  11 hobgoblins
  17 jackals
  26 kobolds
  7 quokkas
  A ball python (D:3)
  6 bats
  4 frilled lizards
  8 rats
308 creatures vanquished.

Vanquished Creatures (others)
  A centaur (D:5)
  A scorpion (D:7)
  2 orc priests (D:7)
  2 orc wizards (D:7)
  2 orcs (D:5)
  3 fungi (D:9)
11 creatures vanquished.

Grand Total: 319 creatures vanquished

Notes
Turn   | Place    | Note
-------+----------+-------------------------------------------
     0 | D:1      | McKennaii the Gnoll Arcane Marksman began the quest for the Orb.
     0 | D:1      | Reached XP level 1. HP: 17/17 MP: 4/4
   221 | D:1      | Reached XP level 2. HP: 23/23 MP: 5/5
   564 | D:1      | Reached XP level 3. HP: 28/28 MP: 6/7
   568 | D:1      | Learned a level 2 spell: Slow
   572 | D:1      | Learned a level 3 spell: Portal Projectile
   986 | D:2      | Noticed Robin
   993 | D:2      | Killed Robin
   993 | D:2      | Reached skill level 1 in Invocations
  1017 | D:2      | Reached skill level 1 in Short Blades
  1017 | D:2      | Reached skill level 1 in Long Blades
  1017 | D:2      | Reached skill level 1 in Axes
  1017 | D:2      | Reached skill level 1 in Maces & Flails
  1017 | D:2      | Reached skill level 1 in Polearms
  1017 | D:2      | Reached skill level 1 in Staves
  1017 | D:2      | Reached skill level 1 in Slings
  1017 | D:2      | Reached skill level 1 in Crossbows
  1017 | D:2      | Reached skill level 1 in Throwing
  1017 | D:2      | Reached skill level 1 in Armour
  1017 | D:2      | Reached skill level 1 in Stealth
  1017 | D:2      | Reached skill level 1 in Shields
  1017 | D:2      | Reached skill level 1 in Unarmed Combat
  1017 | D:2      | Reached skill level 1 in Evocations
  1198 | D:2      | Reached XP level 4. HP: 34/34 MP: 8/8
  1778 | D:2      | Reached skill level 1 in Conjurations
  1778 | D:2      | Reached skill level 1 in Charms
  1778 | D:2      | Reached skill level 1 in Summonings
  1778 | D:2      | Reached skill level 1 in Necromancy
  1778 | D:2      | Reached skill level 1 in Translocations
  1778 | D:2      | Reached skill level 1 in Transmutations
  1778 | D:2      | Reached skill level 1 in Fire Magic
  1778 | D:2      | Reached skill level 1 in Ice Magic
  1778 | D:2      | Reached skill level 1 in Air Magic
  1778 | D:2      | Reached skill level 1 in Earth Magic
  1778 | D:2      | Reached skill level 1 in Poison Magic
  1795 | D:2      | Found a stormy altar of Qazlal.
  1808 | D:2      | Found a basalt altar of Yredelemnul.
  1808 | D:2      | Found a bloodstained altar of Trog.
  1808 | D:2      | Found a sparkling altar of Nemelex Xobeh.
  2017 | D:2      | Reached XP level 5. HP: 40/40 MP: 9/9
  2442 | D:3      | Noticed an ogre
  2474 | D:3      | Killed an ogre
  2577 | D:3      | Reached XP level 6. HP: 47/47 MP: 10/10
  2597 | D:3      | Learned a level 3 spell: Inner Flame
  2901 | D:3      | Noticed dricus's ghost (amateur TrMo)
  2972 | D:3      | Found a hide-covered altar of Uskayaw.
  3347 | D:3      | Found a deep blue altar of Sif Muna.
  3347 | D:3      | Found an iron altar of Okawaru.
  3693 | D:3      | Found an opulent altar of Gozag.
  3951 | D:4      | Reached skill level 5 in Bows
  3951 | D:4      | Reached skill level 5 in Dodging
  4493 | D:4      | Found a sparkling altar of Nemelex Xobeh.
  4556 | D:4      | Reached XP level 7. HP: 52/52 MP: 12/12
  4772 | D:4      | Found a runed door.
  4840 | D:4      | Noticed Dowan
  4859 | D:4      | Killed Dowan
  4861 | D:4      | Noticed Duvessa
  4953 | D:4      | Killed Duvessa
  5167 | D:4      | Noticed Crazy Yiuf
  5172 | D:4      | Killed Crazy Yiuf
  5223 | D:5      | Entered Level 5 of the Dungeon
  5311 | D:5      | Noticed Blork the orc
  5328 | D:5      | Killed Blork the orc
  5337 | D:5      | Reached XP level 8. HP: 32/60 MP: 7/14
  5384 | D:5      | Found an ornate altar of the Wu Jian Council.
  5748 | D:5      | Noticed Eustachio
  5761 | D:5      | Killed Eustachio
  5804 | D:5      | Noticed Manul's ghost (novice DsAs)
  5945 | D:5      | Killed Manul's ghost
  5945 | D:5      | Reached XP level 9. HP: 38/66 MP: 12/16
  6037 | D:5      | Found Suyfatul's Assorted Antiques.
  6043 | D:5      | Bought a coral ring for 140 gold pieces
  6177 | D:5      | Found a shimmering altar of Xom.
  6594 | D:3      | Killed dricus's ghost
  6707 | D:3      | Became a worshipper of Sif Muna the Loreminder
  6758 | D:5      | Reached skill level 5 in Spellcasting
  6920 | D:5      | Reached skill level 5 in Fighting
  7239 | D:6      | Found an ancient bone altar of Kikubaaqudgha.
  7407 | D:6      | Found Farul's Armour Shop.
  7493 | D:6      | Reached skill level 5 in Invocations
  7894 | D:7      | Noticed Pikel
  8061 | D:7      | Found a staircase to the Ecumenical Temple.
  8071 | D:6      | Reached * piety under Sif Muna
  8140 | D:7      | Reached XP level 10. HP: 71/74 MP: 18/18
  8193 | D:7      | Noticed an ice statue
  8238 | D:7      | Killed Pikel
  8447 | D:7      | Reached skill level 5 in Short Blades
  8447 | D:7      | Reached skill level 5 in Long Blades
  8447 | D:7      | Reached skill level 5 in Axes
  8447 | D:7      | Reached skill level 5 in Maces & Flails
  8447 | D:7      | Reached skill level 5 in Polearms
  8447 | D:7      | Reached skill level 5 in Staves
  8447 | D:7      | Reached skill level 5 in Slings
  8447 | D:7      | Reached skill level 5 in Crossbows
  8447 | D:7      | Reached skill level 5 in Throwing
  8447 | D:7      | Reached skill level 5 in Armour
  8447 | D:7      | Reached skill level 5 in Stealth
  8447 | D:7      | Reached skill level 5 in Shields
  8447 | D:7      | Reached skill level 5 in Unarmed Combat
  8447 | D:7      | Reached skill level 5 in Evocations
  9898 | D:7      | Killed an ice statue
  9910 | D:7      | Gained mutation: You can translocate small distances at will. [potion of mutation]
  9910 | D:7      | Gained mutation: Your spells are a little harder to cast, but a little more powerful. [potion of mutation]
  9910 | D:7      | Gained mutation: You have large cloven feet. [potion of mutation]
  9910 | D:7      | Gained mutation: You have a pair of small horns on your head. [potion of mutation]
 10332 | D:8      | Found a hazy altar of Hepliaklqana.
 10333 | D:8      | Found a shimmering altar of Xom.
 10348 | D:8      | Noticed a spectral ugly thing
 10462 | D:8      | Noticed a two-headed ogre
 10496 | D:8      | Killed a two-headed ogre
 10841 | D:8      | Found Ysaqyij's Magic Scroll Shop.
 10854 | D:8      | Reached ** piety under Sif Muna
 10860 | D:8      | Bought a scroll of fear for 42 gold pieces
 10860 | D:8      | Bought a scroll of identify for 24 gold pieces
 11288 | D:9      | Reached XP level 11. HP: 38/82 MP: 14/20
 13110 | D:10     | Entered Level 10 of the Dungeon
 13363 | D:9      | Noticed Erica
 13393 | D:9      | Killed Erica
 13393 | D:9      | Reached skill level 5 in Conjurations
 13393 | D:9      | Reached skill level 5 in Charms
 13393 | D:9      | Reached skill level 5 in Summonings
 13393 | D:9      | Reached skill level 5 in Necromancy
 13393 | D:9      | Reached skill level 5 in Translocations
 13393 | D:9      | Reached skill level 5 in Transmutations
 13393 | D:9      | Reached skill level 5 in Fire Magic
 13393 | D:9      | Reached skill level 5 in Ice Magic
 13393 | D:9      | Reached skill level 5 in Air Magic
 13393 | D:9      | Reached skill level 5 in Earth Magic
 13393 | D:9      | Reached skill level 5 in Poison Magic
 13779 | D:9      | Noticed a two-headed ogre
 15218 | D:10     | Found a staircase to the Orcish Mines.
 15225 | D:10     | Found Yzxoq's Serpentskin Sales.
 15601 | D:10     | Noticed Gastronok
 15620 | D:10     | Killed Gastronok
 16880 | D:11     | Noticed a seven-headed hydra
 16941 | D:11     | Reached XP level 12. HP: 56/91 MP: 20/23
 16958 | D:11     | Killed a five-headed hydra
 16966 | D:11     | Reached *** piety under Sif Muna
 17113 | D:11     | Found a labyrinth entrance.
 17155 | Lab      | Entered a labyrinth
 18227 | Lab      | Noticed a minotaur
 18378 | Lab      | Killed a minotaur
 18467 | Lab      | Got a shimmering iron ring
 18470 | Lab      | Got an ichor-stained flail
 18566 | D:11     | Identified the cursed +0 flail "Wuwket" {crush, +Blink Int+6} (You found it in a labyrinth)
 18770 | D:11     | Found a staircase to the Lair.
 18892 | D:11     | Identified the ring "Xietir" {*Tele rElec rN+ MP-9 Stlth+} (You found it in a labyrinth)
 19773 | D:10     | HP: 4/138 [skeletal warrior/long sword (10)]
 19774 | D:10     | Slain by a skeletal warrior

Skill      XL: |  1  2  3  4  5  6  7  8  9 10 11 12 |
---------------+-------------------------------------+-----
Invocations    | 1 2 3 4 5 6 7 |  7.9
Short Blades   | 1 2 3 4 5 6 7 |  7.2
Long Blades    | 1 2 3 4 5 6 7 |  7.2
Axes           | 1 2 3 4 5 6 7 |  7.2
Maces & Flails | 1 2 3 4 5 6 7 |  7.2
Polearms       | 1 2 3 4 5 6 7 |  7.2
Staves         | 1 2 3 4 5 6 7 |  7.2
Slings         | 1 2 3 4 5 6 7 |  7.2
Crossbows      | 1 2 3 4 5 6 7 |  7.2
Throwing       | 1 2 3 4 5 6 7 |  7.2
Armour         | 1 2 3 4 5 6 7 |  7.2
Stealth        | 1 2 3 4 5 6 7 |  7.2
Shields        | 1 2 3 4 5 6 7 |  7.2
Unarmed Combat | 1 2 3 4 5 6 7 |  7.2
Evocations     | 1 2 3 4 5 6 7 |  7.2
Spellcasting   | 3 4 5 6 7 |  7.8
Conjurations   | 1 2 3 4 5 6 |  6.0
Charms         | 1 2 3 4 5 6 |  6.0
Summonings     | 1 2 3 4 5 6 |  6.0
Necromancy     | 1 2 3 4 5 6 |  6.0
Translocations | 1 2 3 4 5 6 |  6.0
Transmutations | 1 2 3 4 5 6 |  6.0
Fire Magic     | 1 2 3 4 5 6 |  6.0
Ice Magic      | 1 2 3 4 5 6 |  6.0
Air Magic      | 1 2 3 4 5 6 |  6.0
Earth Magic    | 1 2 3 4 5 6 |  6.0
Poison Magic   | 1 2 3 4 5 6 |  6.0
Fighting       | 3 4 5 6 7 |  7.7
Bows           | 5 6 7 8 |  8.6
Dodging        | 5 6 7 8 |  8.6
Hexes          | 6 7 8 |  8.2

Action                   |  1- 3 |  4- 6 |  7- 9 | 10-12 || total
-------------------------+-------+-------+-------+-------++-------
Melee: Quarterstaff      |       |       |   139 |    22 ||   161
       Bite              |       |       |    17 |   166 ||   183
       Whip              |       |       |       |   581 ||   581
       Headbutt          |       |       |       |   224 ||   224
       Punch             |       |       |       |    35 ||    35
       Scimitar          |       |       |       |   324 ||   324
       Flail             |       |       |       |   205 ||   205
 Fire: Shortbow          |    36 |   152 |   156 |   110 ||   454
       Hunting sling     |    54 |    61 |    52 |    25 ||   192
 Cast: Slow              |       |     8 |    14 |    34 ||    56
       Portal Projectile |       |     1 |     5 |     1 ||     7
 Abil: Evoke Blink       |       |       |       |     1 ||     1
Evoke: Wand              |       |       |       |     5 ||     5
  Use: Scroll            |       |     1 |     4 |    12 ||    17
       Potion            |       |       |       |    12 ||    12
 Stab: Sleeping          |       |       |     5 |       ||     5
       Paralysed         |       |       |     2 |       ||     2
       Confused          |       |       |     1 |       ||     1
       Petrified         |       |       |       |     2 ||     2
  Eat: Chunk             |     1 |     6 |    13 |    23 ||    43
       Ration            |       |     1 |       |     5 ||     6
Armor: Robe              |     4 |       |       |       ||     4
       Leather armour    |       |    28 |    59 |    13 ||   100
       Chain mail        |       |       |       |   647 ||   647
       Skin              |       |       |       |     9 ||     9
Dodge: Dodged            |    18 |   108 |   180 |   600 ||   906
       Rpst.: Scimitar   |       |       |       |    55 ||    55
